[Event "*** Titled Tuesday Blitz"]
[Site "Chess.com"]
[Date "2020.04.14"]
[Round "2"]
[White "wonderfultime"]
[Black "saikrishnaReturns"]
[Result "1-0"]
[WhiteElo "2945"]
[BlackElo "2607"]
[TimeControl "180+1"]
[EndTime "10:17:41 PDT"]
[Termination "wonderfultime won by checkmate"]

1. d4 Nf6 2. Nf3 g6 3. Bg5 Bg7 4. Nbd2 h6 5. Bh4 g5 6. Bg3 Nh5 7. e3 c5 8. c3 Nc6 9. dxc5 a5 10. Nc4 Nxg3 11. hxg3 O-O 12. Bd3 d5 13. Nb6 Bg4 14.
Nxa8 Qxa8 15. Qa4 Bxf3 16. gxf3 Qa7 17. Qb5 Ne5 18. Be2 Rc8 19. f4 gxf4 20. gxf4 Ng6 21.
Rd1 e6 22. f5 Ne5 23. Rg1 Kf8 24. fxe6 Rxc5 25. e7+ Kxe7 26. Qa4 Bf6 27. Rg8 Nc6 28. Qf4 b5 29. Qxh6 Ne5 30. Qf8+ Ke6 31. Qe8+ Be7 32.
Qa8 Qc7 33. Qa6+ Qc6 34. Qxc6+ Nxc6 35. Rc8 b4 36. c4 dxc4 37. Rc1 c3 38. bxc3 bxc3 39.
Bf3 Bf6 40. Rxc6+ Rxc6 41. Bxc6 Kd6 42. Ba4 Kc5 43. Bb3 Kb4 44. Bxf7 Ka3 45. Rc2 a4 46. Ke2 Be7 47. Rxc3+ Kb2 48. Rc7 Ka1 49. Rxe7 a3 50. Ra7 Kb2 51. Rxa3 Kxa3 52. e4 Kb2 53. e5 Ka3 54. e6 Kb4 55. e7 Ka3 56. e8=Q Kb2 57. Qe5+ Kb1 58. Bg6+ Kc1 59. Qc3# 1-0

[Event "*** Titled Tuesday Blitz"]
[Site "Chess.com"]
[Date "2020.04.14"]
[Round "2"]
[White "SahaNeelash"]
[Black "vovkcoach"]
[Result "1-0"]
[WhiteElo "2558"]
[BlackElo "2756"]
[TimeControl "180+1"]
[EndTime "10:17:41 PDT"]
[Termination "SahaNeelash won by resignation"]

1. d4 Nf6 2. Bg5 e6 3. Nd2 h6 4. Bh4 d5 5. e3 c5 6. c3 Nc6 7. Ngf3 Be7 8. Ne5 Nxe5 9. dxe5 Nd7 10. Bxe7 Qxe7 11. f4 b6 12. Bd3 Bb7 13. O-O O-O 14.
Qe2 f6 15. exf6 Rxf6 16. e4 Raf8 17. Qe3 e5 18. exd5 Bxd5 19. Rae1 Bxa2 20. b3 e4 21.
Bc4+ Kh8 22. Ra1 Bxb3 23. Bxb3 c4 24. Bxc4 Nc5 25. Bd5 Qd6 26. c4 Rxf4 27. Rxf4 Qxf4 28. Qxf4 Rxf4 29. Rxa7 e3 30. Nf3 g5 31. Re7 Rf6 32.
Rxe3 Kg7 33. Nd4 h5 34. Ne6+ Nxe6 35. Rxe6 Rf4 36. g3 Rd4 37. Rxb6 Rd1+ 38. Kg2 Rd2+ 39. Kh3 Rc2 40. Rc6 g4+ 41. Kh4 Rxh2+ 42. Kg5 Rh3 43. Rc7+ Kf8 44. Kf6 Ke8 45. Be6 1-0

[Event "*** Titled Tuesday Blitz"]
[Site "Chess.com"]
[Date "2020.04.14"]
[Round "2"]
[White "dretch"]
[Black "regular_legs"]
[Result "1-0"]
[WhiteElo "2772"]
[BlackElo "2535"]
[TimeControl "180+1"]
[EndTime "10:17:41 PDT"]
[Termination "dretch won by resignation"]

1. d4 Nf6 2. c4 g6 3. Nc3 d5 4. e3 Bg7 5. Qb3 e6 6. Qa3 c6 7.
Nf3 a5 8. b3 Na6 9. Bd2 Nb4 10.
Qb2 O-O 11. a3 Na6 12. b4 dxc4 13. Bxc4 Nd5 14. b5 Nac7 15. bxc6 bxc6 16. Ne4 Ba6 17.
Bxa6 Nxa6 18. Rc1 Rb8 19. Qc2 Qe7 20. Qxc6 Rb6 21. Qa4 Nb8 22. O-O Rb2 23. Qxa5 Nd7 24. Nc5 Nxc5 25. Qxc5 Qb7 26. a4 Ra2 27. a5 g5 28. e4 g4 29. Ne5 Nf6 30. Bb4 Nxe4 31. Qb6 Qd5 32. Bxf8 Bxf8 33. Rc8 Nd2 34. Qc7 Nf3+ 35.
gxf3 1-0

[Event "*** Titled Tuesday Blitz"]
[Site "Chess.com"]
[Date "2020.04.14"]
[Round "2"]
[White "KacperPolOK"]
[Black "Megagigahiper3345"]
[Result "0-1"]
[WhiteElo "2245"]
[BlackElo "2500"]
[TimeControl "180+1"]
[EndTime "10:17:41 PDT"]
[Termination "Megagigahiper3345 won by checkmate"]

1. e4 c5 2. Nc3 d6 3. g3 g6 4. Bg2 Bg7 5. d3 Nc6 6. Nf3 Rb8 7. Be3 Nd4 8. Ne2 Nxf3+ 9. Bxf3 Bxb2 10. h4 Bxa1 11. Qxa1 e5 12. h5 Qf6 13. Bg2 Bg4 14. f3 Bxf3 15. Rf1 Bxg2 16. Rxf6 Nxf6 17. Kf2 Ng4+ 18. Kxg2 Nxe3+ 19. Kf3 Nxc2 20. Qd1 Nb4 21. Qa4+ Nc6 22. Nc3 O-O 23. Nd5 f5 24. hxg6 fxe4+ 25. Kxe4 hxg6 26. Qb3 Kh7 27. Qd1 Nd4 28. Qg4 Rf7 29.
Qh4+ Kg7 30. Ne3 Rbf8 31. Ng4 Rh8 32. Qg5 Ne6 33. Qd2 Rh5 34. Kd5 Nd4 35. Kxd6 e4 36.
Ne5 Nb5+ 37. Ke6 Nc7+ 38. Kd6 Ne8+ 39. Ke6 Rf6+ 40. Kd7 Rd6+ 41. Kxe8 Rxe5# 0-1

[Event "*** Titled Tuesday Blitz"]
[Site "Chess.com"]
[Date "2020.04.14"]
[Round "2"]
[White "TheFireChess"]
[Black "ssrija97"]
[Result "1-0"]
[WhiteElo "2486"]
[BlackElo "2213"]
[TimeControl "180+1"]
[EndTime "10:17:41 PDT"]
[Termination "TheFireChess won on time"]

1. e4 e5 2. Nf3 Nc6 3. Bc4 Nf6 4. d3 Bc5 5. c3 a6 6. Nbd2 Ba7 7. Bb3 d6 8. h3 Ne7 9. Nf1 Ng6 10. Be3 Nh5 11. Bxf7+ Kxf7 12. Ng5+ Ke8 13. Qxh5 Qf6 14.
O-O-O h6 15. Nf3 Be6 16. Bxa7 Rxa7 17. Ne3 Kd8 18. Ng4 Qf7 19. a3 b5 20. d4 exd4 21. Rxd4 Kc8 22. Rhd1 Nf4 23. Qxf7 Bxf7 24. g3 Ne2+ 25. Kd2 Nxd4 26. Nxd4 g6 27. Ne3 c5 28.
Ne2 Bb3 29. Re1 Re7 30. f3 Rf8 31. Nf4 g5 32. Nfd5 1-0

[Event "*** Titled Tuesday Blitz"]
[Site "Chess.com"]
[Date "2020.04.14"]
[Round "2"]
[White "thedjoker98"]
[Black "gmelviro"]
[Result "1-0"]
[WhiteElo "2451"]
[BlackElo "2188"]
[TimeControl "180+1"]
[EndTime "10:17:41 PDT"]
[Termination "thedjoker98 won by resignation"]

1. d4 f5 2. g3 g6 3. Bg2 Bg7 4. Nf3 Nf6 5. O-O O-O 6. c4 d6 7. Nc3 Nc6 8. d5 Ne5 9. Nxe5 dxe5 10. c5 Kh8 11. Qb3 e4 12. Rd1 e5 13. dxe6 Qe7 14.
Bf4 Nh5 15. Nd5 Qxe6 16. Bxc7 Nf6 17. Bd6 Rf7 18. Nc7 Rxc7 19. Bxc7 Qxb3 20. axb3 Be6 21. Rd8+ Rxd8 22. Bxd8 a6 23. c6 bxc6 24. Rxa6 Bd5 25. f3 h5 26. fxe4 Nxe4 27. Bxe4 Bd4+ 28. Kf1 Bxe4 29.
Bg5 Bxb2 30. Be3 Be5 31. b4 Kg7 32. Ra7+ Kf6 33. Kf2 g5 34. Bc5 h4 35. Rd7 hxg3+ 36. hxg3 f4 37. gxf4 Bxf4 38. Rd1 Bd5 39. e3 Be5 40. Bd4 Kf5 41. Bxe5 Kxe5 42. Rd4 Kf5 43. b5 g4 44. b6 Bf3 45. b7 c5 46. Rf4+ Ke5 47.
b8=Q+ 1-0

[Event "*** Titled Tuesday Blitz"]
[Site "Chess.com"]
[Date "2020.04.14"]
[Round "2"]
[White "BillCoe"]
[Black "Oleg_Papayan"]
[Result "0-1"]
[WhiteElo "2062"]
[BlackElo "2390"]
[TimeControl "180+1"]
[EndTime "10:17:41 PDT"]
[Termination "Oleg_Papayan won on time"]

1. e4 e5 2. Nf3 Nc6 3. Bb5 f5 4. d3 fxe4 5. dxe4 Nf6 6. Qd3 Bc5 7. Nc3 d6 8. Bg5 h6 9. Bh4 O-O 10. O-O-O Qe8 11. Nd5 Bb6 12. Nxf6+ gxf6 13. Bg3 Kh7 14. h3 Be6 15. Nh4 Nb4 16. Bxe8 Nxd3+ 17. cxd3 Raxe8 18. b3 a5 19. Kc2 a4 20. f4 Rg8 21.
f5 axb3+ 22. axb3 Bxb3+ 23. Kxb3 Rxg3 24. Rd2 Ra8 25. Ng6 Be3 26. Re2 Bc5 27. Rb1 b5 28. Kc2 Ra2+ 29. Rb2 Rxb2+ 30. Kxb2 Rxd3 31. Nf8+ Kg8 32. Ne6 Bb6 33. Kc2 Rg3 34. Nd8 Kf8 0-1

[Event "*** Titled Tuesday Blitz"]
[Site "Chess.com"]
[Date "2020.04.14"]
[Round "2"]
[White "xberli"]
[Black "flomarechot"]
[Result "1-0"]
[WhiteElo "2443"]
[BlackElo "2184"]
[TimeControl "180+1"]
[EndTime "10:17:42 PDT"]
[Termination "xberli won on time"]

1. e4 c5 2. Nf3 Nc6 3. d4 cxd4 4. Nxd4 Nxd4 5. Qxd4 e6 6. Qd1 a6 7. Bd3 Bc5 8. O-O Ne7 9. Qe2 O-O 10. Be3 Qc7 11. Nd2 b5 12. a4 b4 13. Nf3 Bb7 14. Rac1 f6 15. c3 b3 16. Bb1 Ng6 17. Rfd1 d6 18. Nd4 Rfe8 19. g3 d5 20. exd5 Bxd5 21. c4 Bb7 22. f3 Rad8 23. Be4 Bxe4 24. fxe4 Bxd4 25. Rxd4 Ne5 26. Rxd8 Rxd8 27. c5 Qc6 28. Bf2 Nd3 29. Rc3 Nxf2 30. Kxf2 Qxa4 31. c6 Rc8 32. c7 Qb5 33.
Qd2 Qb6+ 34. Kg2 Rxc7 35. Qd8+ Kf7 36. Qxc7+ Qxc7 37. Rxc7+ Kg6 38. Ra7 f5 39. Rxa6 1-0

[Event "*** Titled Tuesday Blitz"]
[Site "Chess.com"]
[Date "2020.04.14"]
[Round "2"]
[White "AlanZhang"]
[Black "GrafLermontov"]
[Result "1-0"]
[WhiteElo "2164"]
[BlackElo "2408"]
[TimeControl "180+1"]
[EndTime "10:17:42 PDT"]
[Termination "AlanZhang won by checkmate"]

1. e4 c5 2. Nf3 e6 3. d4 cxd4 4. Nxd4 Nc6 5. Nb3 Nf6 6. Bd3 Qc7 7. Nc3 a6 8. a4 Be7 9. O-O O-O 10. Bd2 d6 11.
Qe2 Ne5 12. Kh1 b6 13. f4 Nxd3 14. cxd3 Bb7 15. Rac1 Qd8 16. d4 d5 17. e5 Ne4 18. Nxe4 dxe4 19. Bc3 e3 20. Rce1 Qd7 21. a5 b5 22. Nc5 Bxc5 23. dxc5 Qd5 24. b4 Rad8 25.
Rf3 Rd7 26. Rxe3 Rfd8 27. h3 Qb3 28. Rg3 g6 29. h4 Rd2 30. Qf1 Bxg2+ 31. Rxg2 Qxc3 32.
Rxd2 Rxd2 33. Re2 Rd3 34. Rg2 Qb3 35. Kh2 Rh3+ 36. Kg1 Qxb4 37. c6 Qc5+ 38. Rf2 Qxc6 39. Qxh3 Qc1+ 40. Kg2 Qe3 41. Qxe3 Kg7 42. Qa7 h5 43.
Qxa6 Kh6 44. Qxb5 g5 45. a6 Kg6 46. a7 Kf5 47. a8=Q Kg4 48. Qf3+ Kf5 49. Qbd3# 1-0

[Event "*** Titled Tuesday Blitz"]
[Site "Chess.com"]
[Date "2020.04.14"]
[Round "2"]
[White "H3nriqueTV"]
[Black "kayrakamer"]
[Result "0-1"]
[WhiteElo "2224"]
[BlackElo "2576"]
[TimeControl "180+1"]
[EndTime "10:17:43 PDT"]
[Termination "kayrakamer won by resignation"]

1. b3 Nf6 2. Bb2 g6 3. e4 d6 4.
d3 Bg7 5. f4 O-O 6. Nf3 Nc6 7.
Be2 Bg4 8. O-O a5 9. a4 Qd7 10. Qe1 Bxf3 11. Bxf3 e5 12. f5 Nd4 13. Bxd4 exd4 14.
Nd2 Rae8 15. Qg3 gxf5 16. exf5 Kh8 17. Ne4 Rg8 18. Qh3 Nxe4 19. Bxe4 d5 20. Bf3 Re3 21. Qh5 Bf6 22. Rae1 c6 23. Qh6 Bg5 24. Qh5 Qe7 25. Rxe3 dxe3 26. Re1 Qb4 27. Re2 Qc3 28. h4 Bf4 29. g4 Qf6 30. Kg2 Qe7 31. c4 d4 32. Be4 Qf6 33. Kh3 Qe5 34. f6 Qxh5 35.
gxh5 Rg3+ 36. Kh2 Rg4+ 37. Kh3 Rg3+ 38. Kh2 Rg6+ 39. Kh3 Rxf6 40. Rg2 Bh6 41. Re2 Rf4 42. Kg3 Rxe4 43. dxe4 d3 44. Ra2 d2 45. Ra1 e2 46. Kf2 d1=Q 0-1

[Event "*** Titled Tuesday Blitz"]
[Site "Chess.com"]
[Date "2020.04.14"]
[Round "2"]
[White "Shant_Sargsyan"]
[Black "124chess"]
[Result "1-0"]
[WhiteElo "3052"]
[BlackElo "2616"]
[TimeControl "180+1"]
[EndTime "10:17:44 PDT"]
[Termination "Shant_Sargsyan won by resignation"]

1. d4 Nf6 2. c4 e6 3. Nf3 d5 4. Nc3 a6 5. c5 b6 6. cxb6 cxb6 7.
Bf4 Be7 8. e3 O-O 9. Bd3 Bb7 10.
h3 Nbd7 11. O-O Ne4 12. Rc1 Rc8 13. Bb1 Nxc3 14. bxc3 Nf6 15. Ne5 Ba3 16. Rc2 a5 17. Qd3 g6 18. c4 Be7 19. Rfc1 dxc4 20. Rxc4 Rxc4 21. Qxc4 Qd5 22. Nc6 Bxc6 23. Qxc6 b5 24. Qc7 Bd8 25. Qc5 b4 26. Bg3 Re8 27. Kh2 Be7 28.
Qc7 Bd8 29. Qc6 Qxc6 30. Rxc6 Nd5 31. Bd3 Be7 32. Bc4 Nc3 33. Ra6 a4 34. Ra7 Bf8 35.
f4 Rc8 36. Bd3 Nxa2 37. Rxa4 Nc3 38. Ra7 Nd5 39. e4 Nc3 40. f5 Rd8 41. fxe6 fxe6 42. d5 exd5 43. exd5 Nxd5 44. Bc4 Kh8 45. Be5+ Kg8 46.
Ra8 Rd7 47. Ra5 Kf7 48. Rxd5 Rxd5 49. Bxd5+ 1-0

[Event "*** Titled Tuesday Blitz"]
[Site "Chess.com"]
[Date "2020.04.14"]
[Round "2"]
[White "giantslayer83"]
[Black "NovakCabarkapa"]
[Result "1/2-1/2"]
[WhiteElo "2717"]
[BlackElo "2537"]
[TimeControl "180+1"]
[EndTime "10:17:44 PDT"]
[Termination "Game drawn by repetition"]

1. d4 Nf6 2. Bg5 g6 3. Bxf6 exf6 4. e3 f5 5. h4 h5 6. g3 d6 7. Bg2 Nd7 8. Ne2 Nf6 9. Nf4 Bh6 10. c4 O-O 11.
Nc3 Re8 12. O-O Rb8 13. b4 Ne4 14. Nfe2 c6 15. Rb1 a6 16. a4 Bd7 17. b5 axb5 18.
axb5 Qf6 19. Qd3 Kg7 20. bxc6 bxc6 21. Rxb8 Rxb8 22. Nxe4 fxe4 23. Bxe4 g5 24. hxg5 Qxg5 25. Rb1 Rxb1+ 26. Qxb1 h4 27. Bg2 Qg4 28. Qd3 Bf5 29. e4 Bg6 30. Qf3 Qe6 31. gxh4 Qxc4 32. h5 Bh7 33. Qg3+ Kh8 34. Qxd6 Qxe2 35. Qxh6 Qe1+ 36.
Kh2 Qxf2 37. Qg5 Qxd4 38. h6 Bg6 39. e5 Kh7 40. Bxc6 Qb2+ 41. Bg2 Qd4 42. Kg3 Qc3+ 43. Bf3 Qd4 44. Bh5 Qg1+ 45. Kf4 Qh2+ 46. Kg4 Bxh5+ 47.
Qxh5 Qe2+ 48. Kh4 Qh2+ 49. Kg4 Qe2+ 50. Kh4 Qh2+ 51. Kg4 1/2-1/2

[Event "*** Titled Tuesday Blitz"]
[Site "Chess.com"]
[Date "2020.04.14"]
[Round "2"]
[White "chenxiaoyuer"]
[Black "AlRayyan2022"]
[Result "0-1"]
[WhiteElo "2066"]
[BlackElo "2632"]
[TimeControl "180+1"]
[EndTime "10:17:44 PDT"]
[Termination "AlRayyan2022 won by checkmate"]

1. e4 c5 2. Nf3 Nc6 3. d4 cxd4 4. Nxd4 Qb6 5. Nb3 Nf6 6. Nc3 e6 7. Be3 Qc7 8. a3 a6 9. Be2 b5 10. f4 d6 11. O-O Bb7 12. Bf3 Be7 13. g4 h6 14. Qe2 Nd7 15. Rad1 g5 16. f5 Nde5 17. Nd4 Nxd4 18. Bxd4 Bf6 19. Bg2 Qe7 20. h3 Rc8 21.
Qf2 O-O 22. Qg3 Rc4 23. Be3 Rfc8 24. Rf2 Rxc3 25. bxc3 Rxc3 26. Rdf1 Nc4 27. fxe6 Be5 28. exf7+ Kf8 29. Qf3 Nxe3 30. Re1 Bd4 31. Kh1 Nxg2 32. Qxg2 Bxf2 33. Qxf2 Qe5 34. Qg2 Rg3 35. Qf2 Bxe4+ 36. Rxe4 Qxe4+ 37. Kh2 Rf3 38. Qa7 Qe2+ 39. Kh1 Rf1+ 40. Qg1 Qf3+ 41. Kh2 Rxg1 42. Kxg1 Qxh3 43. Kf2 Qxg4 44. Ke3 Qc4 45. Kf3 Qxc2 46. Kg3 Qb3+ 47. Kg4 Qxa3 48. Kh5 Kxf7 49. Kxh6 Kf6 50. Kh7 Qh3+ 51.
Kg8 Qh5 52. Kf8 Qf7# 0-1

[Event "*** Titled Tuesday Blitz"]
[Site "Chess.com"]
[Date "2020.04.14"]
[Round "2"]
[White "garfield_pg"]
[Black "SamuelGhimpu2003"]
[Result "0-1"]
[WhiteElo "2196"]
[BlackElo "2557"]
[TimeControl "180+1"]
[EndTime "10:17:44 PDT"]
[Termination "SamuelGhimpu2003 won by resignation"]

1. d4 Nf6 2. Nc3 e6 3. Bg5 d5 4. e3 c5 5. f4 Nc6 6. Nf3 Qb6 7. Bb5 a6 8. Bxc6+ bxc6 9. Na4 Qa5+ 10. c3 Ne4 11.
O-O cxd4 12. exd4 c5 13. Ne5 cxd4 14. cxd4 Bd6 15. Bh4 O-O 16. Rc1 f6 17. Nd3 Rb8 18.
Be1 Qd8 19. b3 Bd7 20. Nac5 Qe7 21. Nxd7 Qxd7 22. Nc5 Nxc5 23. dxc5 Bc7 24. b4 e5 25. fxe5 fxe5 26. Rxf8+ Rxf8 27. c6 Qf5 28. Qxd5+ Kh8 29. Qf3 Bb6+ 30. Kh1 Qc8 31. Qe2 Qf5 32. Bg3 Re8 33.
h3 a5 34. b5 h5 35. Rf1 Qe6 36. Qxh5+ Kg8 37. Re1 e4 38. Qg4 Qxa2 39. c7 Qc2 40. Be5 Kf7 41. Qxg7+ Ke6 42. Qf6+ Kd5 43. Qd6+ Kc4 44.
c8=Q+ Rxc8 45. Qc6+ Rxc6 46. bxc6 Kd5 0-1

[Event "*** Titled Tuesday Blitz"]
[Site "Chess.com"]
[Date "2020.04.14"]
[Round "2"]
[White "Sychev_Klementy"]
[Black "Aemulus20"]
[Result "1-0"]
[WhiteElo "2871"]
[BlackElo "2578"]
[TimeControl "180+1"]
[EndTime "10:17:45 PDT"]
[Termination "Sychev_Klementy won on time"]

1. e4 c5 2. Nf3 d6 3. d4 cxd4 4.
Nxd4 Nf6 5. Nc3 a6 6. Be2 e5 7. Nb3 Be7 8. Be3 O-O 9. g4 Be6 10. g5 Nfd7 11. h4 Nc6 12. Bg4 Re8 13. Bxe6 fxe6 14.
Qg4 Nf8 15. O-O-O Rc8 16. g6 Na5 17. gxh7+ Kh8 18. Rhg1 Bf6 19. Kb1 Nc4 20. Bh6 Qe7 21. h5 Nxh7 22. Bc1 Na3+ 23. bxa3 Rxc3 24. h6 g5 25. Rd2 Rec8 26. Rgd1 R3c6 27. a4 b6 28. Ba3 Qc7 29. Qxe6 Rxc2 30. Qxc8+ Qxc8 31. Rxc2 Qg4 32. f3 Qe6 33. Rxd6 Qe8 34. Rdc6 Bd8 35. Rc8 Nf8 36. Bxf8 Qxf8 37. Rd2 Qxf3 38. Rcxd8+ Kh7 39. R8d6 Qf1+ 40. Kb2 b5 41. Rc2 1-0

[Event "*** Titled Tuesday Blitz"]
[Site "Chess.com"]
[Date "2020.04.14"]
[Round "2"]
[White "Eloist"]
[Black "DrBergerBerger"]
[Result "0-1"]
[WhiteElo "2262"]
[BlackElo "2506"]
[TimeControl "180+1"]
[EndTime "10:17:45 PDT"]
[Termination "DrBergerBerger won by resignation"]

1. e4 e6 2. d4 d5 3. Nd2 c5 4. Ngf3 cxd4 5. Nxd4 Nc6 6. Bb5 Bd7 7. Nxc6 bxc6 8. Bd3 Bd6 9. Qe2 Ne7 10. O-O Ng6 11. Nf3 O-O 12. e5 Bc7 13. c4 dxc4 14. Bxc4 c5 15. Bg5 Qb8 16. Bd3 Bc6 17. Be4 Bxe4 18.
Qxe4 Nxe5 19. Be7 Nxf3+ 20. Qxf3 Bxh2+ 21. Kh1 Re8 22. Bxc5 Be5 23. Rab1 Qb5 24. b4 a5 25. Rfe1 Bf6 26. a3 axb4 27. axb4 Ra2 28. Rbd1 Rea8 29.
Qd3 Qxd3 30. Rxd3 Ra1 31. Rxa1 Rxa1+ 32. Kh2 Rb1 33. Kg3 h5 34. Kf3 g5 35. Ke2 Kg7 36.
Kd2 Be5 37. Kc2 Rb2+ 38. Kc1 Ra2 39. Rb3 Ra8 40. b5 Rc8 41. b6 Rxc5+ 42. Kb1 Rc8 43. b7 Rb8 0-1

[Event "*** Titled Tuesday Blitz"]
[Site "Chess.com"]
[Date "2020.04.14"]
[Round "2"]
[White "IMinTheWings"]
[Black "MergenKakabaev"]
[Result "0-1"]
[WhiteElo "2181"]
[BlackElo "2443"]
[TimeControl "180+1"]
[EndTime "10:17:46 PDT"]
[Termination "MergenKakabaev won by checkmate"]

1. c4 Nf6 2. Nc3 g6 3. e4 d6 4. d4 Bg7 5. Be2 O-O 6. Be3 e5 7. d5 c5 8. g4 Na6 9. h4 Nc7 10. h5 a6 11. f3 Bd7 12. Qd2 Rb8 13. Bh6 Qe7 14. Bxg7 Kxg7 15. Nh3 b5 16. Ng5 bxc4 17.
Bxc4 Nb5 18. Ne2 Nd4 19. Nxd4 cxd4 20. hxg6 fxg6 21. O-O-O Rfc8 22. b3 Bb5 23. Rh6 Bxc4 24. Rdh1 Bxb3+ 25. Kb1 Bxd5+ 26. Ka1 Bg8 27. Rxg6+ hxg6 28. Ne6+ Qxe6 29. Qh6+ Kf7 30. Rc1 Ke7 31. Qg7+ Bf7 32.
Rc2 Rxc2 33. Qxf6+ Kxf6 34. g5+ Kxg5 35. f4+ Kxf4 36.
a4 Qa2# 0-1

[Event "*** Titled Tuesday Blitz"]
[Site "Chess.com"]
[Date "2020.04.14"]
[Round "2"]
[White "Qingdom"]
[Black "MrChessSponge"]
[Result "1/2-1/2"]
[WhiteElo "2114"]
[BlackElo "2392"]
[TimeControl "180+1"]
[EndTime "10:17:46 PDT"]
[Termination "Game drawn by repetition"]

1. d4 Nf6 2. Bg5 d5 3. e3 c5 4. Nf3 Ne4 5. Bf4 Nc6 6. c3 a6 7. Nbd2 Bg4 8. h3 Bh5 9. Bd3 Bg6 10. Qc2 Nxd2 11. Qxd2 e6 12. Ne5 Nxe5 13. Bxe5 Bxd3 14. Qxd3 f6 15. Bg3 Bd6 16. Bxd6 Qxd6 17. O-O O-O 18. e4 Rad8 19. Rfe1 dxe4 20. Qxe4 cxd4 21.
cxd4 Qxd4 22. Qxe6+ Kh8 23. b3 Qd7 24. Rac1 Qxe6 25.
Rxe6 Rf7 26. Kf1 h6 27. Ke2 Rfd7 28. Rc2 Kg8 29. Re4 Kf7 30. Rec4 g5 31. g4 Kg6 32. f4 Re8+ 33. Kf2 gxf4 34. Rxf4 Rd3 35. Rf3 Rd1 36. Kg2 Ree1 37. Rfc3 Rg1+ 38. Kf3 Rdf1+ 39. Ke4 Re1+ 40. Kd5 Re5+ 41. Kd6 Rd1+ 42. Kc7 Re7+ 43. Kb6 Rd6+ 44. Ka5 Re5+ 45. Ka4 Rd4+ 46. b4 a5 47. a3 h5 48. gxh5+ Rxh5 49. Rg3+ Kh6 50. Rcg2 axb4 51.
Rg6+ Kh7 52. Rg7+ Kh8 53. Rg8+ Kh7 54. R2g7+ Kh6 55. Rg6+ Kh7 56. R6g7+ Kh6 57. Rg6+ Kh7 58. R6g7+ 1/2-1/2

[Event "*** Titled Tuesday Blitz"]
[Site "Chess.com"]
[Date "2020.04.14"]
[Round "2"]
[White "BaMBoMaTTo"]
[Black "hellokostya"]
[Result "1-0"]
[WhiteElo "2720"]
[BlackElo "2512"]
[TimeControl "180+1"]
[EndTime "10:17:47 PDT"]
[Termination "BaMBoMaTTo won on time"]

1. e4 Nc6 2. Nf3 d6 3. d4 Nf6 4. Nc3 g6 5. h3 Bg7 6. Be3 O-O 7. Qd2 a6 8. Bh6 b5 9. Bd3 e5 10.
d5 Ne7 11. O-O-O Bd7 12. g4 c6 13. dxc6 Bxc6 14. Bxg7 Kxg7 15. g5 Nh5 16. Ne2 Qc7 17. Ng3 Nf4 18. h4 Rac8 19. h5 Bd7 20. Kb1 Bg4 21.
Be2 d5 22. Rh4 Bxf3 23. Bxf3 d4 24. Rdh1 Rg8 25. hxg6 hxg6 26. Rh7+ Kf8 27. Bg4 Rd8 28. Ne2 Ne6 29. Bxe6 fxe6 30. f4 Ke8 31. Qb4 Rd7 32. fxe5 Qxe5 33. Nc1 Qxg5 34. Nd3 Qf6 35. e5 Qf5 36. Nc5 Rc7 37. a4 Rf8 38. axb5 axb5 39. Qxb5+ Kd8 40. Qb8+ Nc8 41. Qxc7+ 1-0

[Event "*** Titled Tuesday Blitz"]
[Site "Chess.com"]
[Date "2020.04.14"]
[Round "2"]
[White "FairChess_on_YouTube"]
[Black "vanea_03"]
[Result "1-0"]
[WhiteElo "2993"]
[BlackElo "2610"]
[TimeControl "180+1"]
[EndTime "10:17:48 PDT"]
[Termination "FairChess_on_YouTube won on time"]

1. d4 d5 2. c4 dxc4 3. e3 e5 4. Bxc4 exd4 5. exd4 Bd6 6. Nf3 Nf6 7. O-O O-O 8. Nc3 Nc6 9. h3 h6 10. Qd3 Nb4 11. Qb1 Be6 12. Bxe6 fxe6 13. Re1 Qd7 14.
Ne5 Bxe5 15. dxe5 Nfd5 16. Ne4 Qf7 17. a4 Nc6 18. Ra3 Nxe5 19. Rg3 Kh8 20. b3 Nd7 21. Qc2 e5 22. Ba3 Rfe8 23. Rd1 N7f6 24. Nxf6 Nxf6 25.
Bb2 Re7 26. Re3 Rae8 27. Rde1 e4 28. Rg3 Re6 29. Qc3 c6 30. Qe3 Kh7 31. Qxa7 Nh5 32.
Rg4 Rg6 33. Qe3 Rxg4 34. hxg4 Nf4 35. Rd1 Nd3 36. Bd4 Qg6 37. g5 Qxg5 38. Rxd3 exd3 39.
Qxd3+ Qg6 40. Be3 1-0

[Event "*** Titled Tuesday Blitz"]
[Site "Chess.com"]
[Date "2020.04.14"]
[Round "2"]
[White "vladislavkovalev"]
[Black "mbojan"]
[Result "1-0"]
[WhiteElo "2876"]
[BlackElo "2586"]
[TimeControl "180+1"]
[EndTime "10:17:48 PDT"]
[Termination "vladislavkovalev won by resignation"]

1. e4 g6 2. d4 Bg7 3. Nc3 d6 4.
Be3 a6 5. Qd2 b5 6. O-O-O Nd7 7.
f4 Bb7 8. Bd3 Nb6 9. e5 Nh6 10.
Nf3 b4 11. Ne4 a5 12. h3 Nd5 13. g4 Nxe3 14. Qxe3 Qd7 15. Rhe1 O-O 16. Kb1 f6 17. Bc4+ Kh8 18. exf6 exf6 19. d5 Rae8 20. Qd3 f5 21. Bb5 c6 22. dxc6 Bxc6 23. Bxc6 Qxc6 24.
Nxd6 Rxe1 25. Nxe1 fxg4 26. hxg4 Nxg4 27. Qe2 Nf6 28. Qe6 Qd7 29. Qb3 Qe7 30. Nf3 h6 31.
Ne5 Kh7 32. Qd3 Rd8 33. Qxg6+ Kg8 34. Nef7 Rd7 35. Nxh6+ Kf8 36. Nhf5 Qe6 37. b3 a4 38. Rg1 a3 39. Nxg7 Qxd6 40. Rc1 Qd4 41. Ne6+ 1-0

[Event "*** Titled Tuesday Blitz"]
[Site "Chess.com"]
[Date "2020.04.14"]
[Round "2"]
[White "BogdanDeac"]
[Black "Poghosyan_Suren"]
[Result "1-0"]
[WhiteElo "2724"]
[BlackElo "2517"]
[TimeControl "180+1"]
[EndTime "10:17:48 PDT"]
[Termination "BogdanDeac won by checkmate"]

1. e4 e6 2. Qe2 c5 3. Nf3 Nc6 4. g3 g6 5. Bg2 Bg7 6. O-O Nge7 7. c3 d5 8. e5 O-O 9. d3 b6 10. h4 f6 11. exf6 Bxf6 12. Bh6 Re8 13. Bg5 Nf5 14. Re1 h6 15. Bxf6 Qxf6 16. Ne5 Nxe5 17. Qxe5 Qxe5 18. Rxe5 Ba6 19. Bf1 b5 20. Nd2 b4 21.
Rae1 Kf7 22. c4 Nd4 23. Bg2 Bb7 24. Nb3 Nxb3 25. axb3 Rad8 26. f4 h5 27. Kf2 Rd6 28. Ra1 a6 29. Rc1 Rc8 30. Rce1 Rc7 31. Bh3 Bc8 32.
R1e3 dxc4 33. dxc4 Rcc6 34. Bg2 Rc7 35. Ke2 Rcd7 36. Rxc5 Rd2+ 37. Kf1 Rd8 38. Re2 R2d3 39. Rg5 Rxb3 40. Be4 a5 41. Bc2 Rf3+ 42. Ke1 Bb7 43. Bxg6+ Kf6 44. Bxh5 b3 45. Rg6+ Kf5 46. Re5# 1-0

[Event "*** Titled Tuesday Blitz"]
[Site "Chess.com"]
[Date "2020.04.14"]
[Round "2"]
[White "WhiteKnight2612"]
[Black "VinzentSpitzl"]
[Result "1-0"]
[WhiteElo "2707"]
[BlackElo "2335"]
[TimeControl "180+1"]
[EndTime "10:17:48 PDT"]
[Termination "WhiteKnight2612 won by resignation"]

1. d4 d5 2. c4 e6 3. Nc3 Nf6 4. Nf3 Bb4 5. Qc2 O-O 6. e3 c5 7. a3 Bxc3+ 8. bxc3 Nc6 9. Bd3 dxc4 10. Bxc4 b6 11.
O-O Bb7 12. Rd1 Qe7 13. e4 cxd4 14. cxd4 Rac8 15. Qe2 Na5 16. Bd3 Nb3 17. Rb1 Nxc1 18. Rbxc1 Qxa3 19. Ra1 Qc3 20. Rxa7 Ba8 21. h3 Rc7 22.
Ra2 Rfc8 23. Rda1 Bb7 24. Ra3 Qb4 25. Ra4 Rc1+ 26. Kh2 Qc3 27. Rxc1 Qxc1 28. g3 Qc6 29. Rc4 Qd7 30. Ne5 Qd8 31. Rb4 Ba8 32. f3 h6 33. Qb2 Rb8 34. h4 Ne8 35. Bb5 Nd6 36.
Bc6 Bxc6 37. Nxc6 Qf6 38. Nxb8 Qxf3 39. Qg2 Qc3 40. Rxb6 Nc4 41. Rc6 Qd3 42. Nd7 Ne3 43. Rc8+ Kh7 44. Nf8+ Kg8 45. Nxe6+ Kh7 46. Nf4 Qd1 47. Qe2 Nf1+ 48. Kg2 Qa1 49. Qxf1 Qxd4 50. Rc4 Qd2+ 51. Qe2 Qd1 52. Qxd1 1-0

[Event "*** Titled Tuesday Blitz"]
[Site "Chess.com"]
[Date "2020.04.14"]
[Round "2"]
[White "DishonorOnYourCow"]
[Black "hypert"]
[Result "0-1"]
[WhiteElo "2270"]
[BlackElo "2509"]
[TimeControl "180+1"]
[EndTime "10:17:48 PDT"]
[Termination "hypert won by resignation"]

1. d4 Nf6 2. c4 d6 3. Nc3 Nbd7 4.
e4 e5 5. d5 Nc5 6. f3 a5 7. Be3 Be7 8. Nge2 h6 9. g3 Nh7 10.
Bg2 O-O 11. O-O f5 12. exf5 Bxf5 13. f4 Nd3 14. fxe5 Nxb2 15. Qb3 Nd3 16. e6 Bg5 17. Bd4 Nc5 18. Qd1 Qe7 19. Nf4 Bf6 20. Nh5 Bxd4+ 21. Qxd4 Bd3 22. Rxf8+ Rxf8 23. Ne4 Bxe4 24. Bxe4 Nf6 25.
Bg6 Nxh5 26. Bxh5 Rf5 27. Bf7+ Kf8 28. Re1 Nd7 29. Qd2 Ne5 30. Qxa5 Rxf7 31. exf7 Nf3+ 32. Kf2 Qxe1+ 33. Qxe1 Nxe1 34. Kxe1 Kxf7 35. a4 b6 36. Ke2 Kf6 37. Ke3 Ke5 38. g4 g6 39. h3 g5 40. Kd3 Kf4 41. c5 dxc5 42. Kc4 Ke5 43. a5 bxa5 44. Kxc5 a4 45. Kc6 a3 46. Kxc7 Kxd5 0-1